 Dungeon Crawl Stone Soup version 0.30.1-4-g462c640d31 (webtiles) character file.

Game seed: 8167713836597936435

442825 safid the Englaciator (level 23, -1/194 HPs)
             Began as a Merfolk Ice Elementalist on Sept 14, 2023.
             Was the Champion of Vehumet.
             Killed from afar by a black draconian knight (30 damage)
             ... with a bolt of lightning
             ... led by a black draconian knight
             ... on level 1 of the Realm of Zot on Sept 15, 2023.
             The game lasted 02:56:16 (64609 turns).

safid the Englaciator (Merfolk Ice Elementalist)   Turns: 64609, Time: 02:56:17

Health: -1/194     AC: 17    Str: 16    XL:     23   Next: 80%
Magic:  24/41      EV: 24    Int: 27    God:    Vehumet [******]
Gold:   2075       SH: 23    Dex: 18    Spells: 13/48 levels left

rFire   + + +        R - +10 trident "Esmat Muc" {freeze, rF+ Dex+3 Stlth+}
rCold   + + .        c - +3 tower shield {rC+ rF+}
rNeg    + . .        C - +1 robe of Esunlame {Rampage Archmagi}
rPois   +            b - +2 helmet of Anirecki {Int+2}
rElec   .            Y - +2 cloak {rCorr}
rCorr   +            k - +2 pair of gloves of the Furies {+Blink rF+ Regen+ Int+2}
SInv    .            i - +2 pair of boots
Will    ++...        J - amulet of Qogisi {RegenMP Fragile rPois rN+ MP+9}
Stlth   +++          p - ring of Qeuxih {Wiz rPois Will+ Str+3}
HPRegen 1.32/turn    e - ring "Ysuemeno" {rPois rF+ rC+ Int+3}
MPRegen 0.67/turn

%: clarity, rampage, wizardry (x1), archmagi
@: very slightly contaminated, slowed, studying 2 skills, very slow
A: (nimble swimmer 2), mertail, iridescent scales 1, clarity, dopey 1, low MP 2,
strong 1
}: 3/15 runes: decaying, serpentine, slimy
a: Renounce Religion, Evoke Blink


You were on level 1 of the Realm of Zot.
You worshipped Vehumet.
Vehumet was exalted by your worship.
You visited 11 branches of the dungeon, and saw 48 of its levels.
You visited 2 bazaars.
You also visited: Sewer, Bailey and Ice Cave.

You collected 8022 gold pieces.
You spent 5947 gold pieces at shops.

Inventory:

Hand Weapons
 R - the +10 trident "Esmat Muc" (weapon) {freeze, rF+ Dex+3 Stlth+}
   (You found it on level 4 of the Lair of Beasts)

   Dex:       It affects your dexterity (+3).
   rF:        It protects you from fire.
   Stlth:     It makes you more stealthy.
Missiles
 L - 9 curare-tipped darts
 O - 6 throwing nets
Armour
 b - the +2 helmet of Anirecki (worn) {Int+2}
   (You acquired it on level 4 of the Pits of Slime)

   Int:       It affects your intelligence (+2).
 c - a +3 tower shield of resistance (worn)
 i - a +2 pair of boots (worn)
 k - the +2 pair of gloves of the Furies (worn) {+Blink rF+ Regen+ Int+2}
   (You found it on level 1 of the Depths)

   Int:       It affects your intelligence (+2).
   rF:        It protects you from fire.
   +Blink:    It lets you blink.
   Regen:     It increases your rate of health regeneration.
 C - the +1 robe of Esunlame (worn) {Rampage Archmagi}
   (You found it on level 5 of the Dungeon)

   Rampage:   It bestows one free step when moving towards enemies.
   Archmagi:  It increases the power of your magical spells.
 Y - a +2 cloak of preservation (worn)
Jewellery
 e - the ring "Ysuemeno" (right hand) {rPois rF+ rC+ Int+3}
   (You acquired it on level 4 of the Vaults)

   [ring of protection from fire]

   Int:       It affects your intelligence (+3).
   rF:        It protects you from fire.
   rC:        It protects you from cold.
   rPois:     It protects you from poison.
 j - the ring "Raewull" {rF+ Str+2 Int+2 SInv}
   (You found it on level 14 of the Dungeon)

   [ring of protection from fire]

   Str:       It affects your strength (+2).
   Int:       It affects your intelligence (+2).
   rF:        It protects you from fire.
   SInv:      It lets you see invisible.
 p - the ring of Qeuxih (left hand) {Wiz rPois Will+ Str+3}
   (You bought it in a shop in a bazaar)

   [ring of wizardry]

   It improves your spell success rate.
   Str:       It affects your strength (+3).
   rPois:     It protects you from poison.
   Will:      It increases your willpower.
 J - the amulet of Qogisi (around neck) {RegenMP Fragile rPois rN+ MP+9}
   (You took it off an orc wizard on level 9 of the Dungeon)

   [amulet of magic regeneration]

   It increases your rate of magic regeneration.
   rPois:     It protects you from poison.
   rN:        It protects you from negative energy.
   MP:        It affects your magic capacity (+9).
   Fragile:   It will be destroyed if unequipped.
 Q - the ring of Starshine {Fly rElec Dex+3}
   (You found it on level 3 of the Lair of Beasts)

   [ring of flight]

   Dex:       It affects your dexterity (+3).
   rElec:     It insulates you from electricity.
   Fly:       It grants you flight.
 W - the ring "Fycodot" {Fly rN+ Int+2}
   (You bought it in a shop on level 5 of the Dungeon)

   [ring of flight]

   Int:       It affects your intelligence (+2).
   rN:        It protects you from negative energy.
   Fly:       It grants you flight.
Wands
 g - a wand of quicksilver (28)
 n - a wand of mindburst (23)
 o - a wand of digging (12)
 t - a wand of paralysis (45)
 D - a wand of polymorph (27)
 H - a wand of roots (31)
Scrolls
 f - 26 scrolls of teleportation
 m - 8 scrolls of fear
 x - 6 scrolls of amnesia
 y - 3 scrolls of silence
 B - 4 scrolls of blinking
 G - 7 scrolls of fog
 M - 3 scrolls of magic mapping
 V - 3 scrolls of butterflies
Potions
 a - 8 potions of invisibility
 l - 5 potions of mutation
 q - 5 potions of resistance
 r - 10 potions of brilliance
 s - 7 potions of cancellation
 u - 9 potions of might
 w - 16 potions of flight
 z - 5 potions of ambrosia
 A - 6 potions of lignification
 I - 3 potions of berserk rage
 K - 11 potions of curing
 P - 10 potions of haste
Miscellaneous
 E - a lightning rod (4/4)
 U - a phantom mirror


   Skills:
 + Level 19.2 Fighting
 - Level 14.0 Polearms
 + Level 21.3 Dodging
 - Level 3.0 Stealth
 + Level 15.1 Shields
 - Level 13.0 Spellcasting
 - Level 4.0 Conjurations
 - Level 4.0 Translocations
 - Level 12.0 Transmutations
 O Level 27 Ice Magic
 - Level 8.0 Evocations


You had 13 spell levels left.
You knew the following spells:

 Your Spells              Type           Power      Damage    Failure   Level
a - Irradiate             Conj/Tmut      37%        3d24      1%          5
b - Frozen Ramparts       Ice            100%       1d16      0%          3
c - Ozocubu's Armour      Ice            100%       N/A       0%          3
d - Freezing Cloud        Conj/Ice/Air   41%        6-21      1%          5
e - Ozocubu's Refrigerat  Ice            64%        4d21      1%          7
f - Polar Vortex          Ice            64%        N/A       1%          9
g - Blink                 Tloc           100%       N/A       1%          2
h - Freeze                Ice            100%       1d10      0%          1

Your spell library contained the following spells:

 Spells                   Type           Power      Damage    Failure   Level
 Ignition                 Fire           13%        3d6       100%        8
 Lehudib's Crystal Spear  Conj/Erth      21%        10d6      100%        8
 Maxwell's Capacitive Co  Air            13%        ∞         100%        8
 Apportation              Tloc           100%       N/A       1%          1
 Beastly Appendage        Tmut           100%       N/A       1%          1
 Lesser Beckoning         Tloc           100%       N/A       1%          2
 Momentum Strike          Conj/Tloc      100%       3d10      1%          2
 Poisonous Vapours        Pois/Air       52%        N/A       1%          2
 Static Discharge         Conj/Air       84%        2-6/arc   1%          2
 Wereblood                Tmut           89%        N/A       1%          2
 Dazzling Flash           Conj/Hex       84%        N/A       1%          3
 Spider Form              Tmut/Pois      66%        N/A       1%          3
 Volatile Blastmotes      Fire/Tloc      84%        2d17      1%          3
 Summon Ice Beast         Ice/Summ       94%        N/A       1%          4
 Blade Hands              Tmut           44%        N/A       1%          5
 Metabolic Englaciation   Hex/Ice        47%        N/A       1%          5
 Gell's Gravitas          Tloc           56%        N/A       2%          3
 Mephitic Cloud           Conj/Pois/Air  37%        N/A       2%          3
 Teleport Other           Tloc           56%        N/A       2%          3
 Iskenderun's Mystic Bla  Conj/Tloc      56%        2d12      2%          4
 Simulacrum               Ice/Necr       47%        N/A       2%          6
 Necrotise                Necr           100%       1d9       4%          1
 Flame Wave               Conj/Fire      42%        2d11      5%          4
 Call Imp                 Summ           52%        N/A       6%          2
 Cigotuvi's Dreadful Rot  Necr/Pois/Air  52%        N/A       6%          2
 Portal Projectile        Hex/Tloc       84%        N/A       6%          3
 Vhi's Electric Charge    Tloc/Air       84%        N/A       6%          3
 Alistair's Intoxication  Tmut/Pois      44%        N/A       10%         5
 Tukima's Dance           Hex            26%        N/A       12%         3
 Vampiric Draining        Necr           26%        2d7       12%         3
 Airstrike                Air            13%        2d(2-18)  12%         4
 Arcjolt                  Conj/Air       21%        1d31      13%         5
 Dragon Form              Tmut           44%        N/A       26%         7
 Animate Dead             Necr           26%        N/A       38%         4
 Dispel Undead            Necr           26%        3d13      38%         4
 Summon Lightning Spire   Summ/Air       26%        N/A       38%         4
 Starburst                Conj/Fire      21%        6d7       52%         6
 Agony                    Necr           26%        N/A       71%         5
 Borgnjor's Vile Clutch   Necr/Erth      13%        N/A       71%         5
 Plasma Beam              Fire/Air       13%        2x1d26    77%         6
 Spellforged Servitor     Conj/Summ      21%        N/A       95%         7
 Death Channel            Necr           13%        N/A       99%         6
 Borgnjor's Revivificati  Necr           13%        N/A       100%        8
 Necromutation            Tmut/Necr      33%        N/A       100%        8
 Chain Lightning          Conj/Air       21%        3d28      100%        9
 Death's Door             Necr           13%        N/A       100%        9
 Dragon's Call            Summ           13%        N/A       100%        9
 Fire Storm               Conj/Fire      21%        8d5       100%        9
 Shatter                  Erth           13%        3d13*     100%        9


Dungeon Overview and Level Annotations

Branches:
Dungeon (15/15)            Temple (1/1) D:6            Lair (5/5) D:10
  Swamp (4/4) Lair:3        Snake (4/4) Lair:3        Slime (5/5) Lair:4
    Orc (2/2) D:11            Elf (2/3) Orc:2        Vaults (4/5) D:14
  Crypt (0/3) Vaults:3     Depths (4/4) D:15            Zot (2/5) Depths:4
  Sewer (visited)          Bailey (visited)           IceCv (visited)

Altars:
Ashenzari
Cheibriados
Dithmenos
Elyvilon
Fedhas
Gozag
Hepliaklqana
Kikubaaqudgha
Makhleb
Nemelex Xobeh
Okawaru
Qazlal
Ru
Sif Muna
Trog
Uskayaw
Vehumet
Wu Jian
Xom
Yredelemnul
Zin
The Shining One
Jiyva

Shops:
D:4 =*(:   D:5 *   D:7 ?   D:8 (   D:9 ![   D:10 :   D:14 *   Orc:1 (
Orc:2 ***?   Vaults:4 =   Depths:1 :   Depths:3 *[[

Portals:
Hell: Depths:1 Depths:2 Depths:3 Depths:4
Abyss: D:3 Depths:3 Depths:4
Pandemonium: Depths:2
Ziggurat: Depths:2

Annotations:
D:3 2 transporters, riellis1's ghost, weakling FoFi
Lair:4 exclusion: oklob plant
Lair:5 3 runed translucent doors, exclusion: oklob plant, nonceun's ghost, journeyman MiBe
Swamp:1 Frances
Swamp:3 Roxanne
Snake:4 Mlioglotl


Innate Abilities, Weirdness & Mutations

((You are very nimble when in or above water. (Stealth+, EV+, Speed+++)))
Your lower body shifts to a powerful aquatic tail in water.
You are partially covered in iridescent scales. (AC +2)
You possess an exceptional clarity of mind.
You are dopey. (Int -2)
Your magical capacity is very low. (-20% MP)
Your muscles are strong. (Str +4, Int/Dex -1)


Message History

A bolt of lightning appears from out of thin air!
The bolt of lightning hits you!!
* * * LOW HITPOINT WARNING * * *
Something hits you but does no damage. Something misses you.
Unknown command.
Unknown command.
Unknown command.
Unknown command.
Unknown command.
Unknown command.
Unknown command.
Unknown command.
Unknown command.
Unknown command.
Unknown command.
Unknown command.
Okay, then.
Unknown command.
Unknown command.
Unknown command.
Unknown command.
Unknown command.
Unknown command.
Unknown command.
Unknown command.
Unknown command.
Unknown command.
Unknown command.
Unknown command.
Casting: Irradiate (mildly dangerous; 1% risk of failure)
Confirm with . or Enter, or press ? or * to list all spells.
You feel a surge of power!
Your frozen ramparts will break if you move.
Continue?
You blink.
The frozen ramparts melt away as you move.
A shard of ice appears from out of thin air!
The shard of ice misses you.
A bolt of lightning appears from out of thin air!
The bolt of lightning hits you!!
You die...

#>....# #.....
#)....# #.....
#.....#########.....
#.........=..#######
########
#..{.........#
#......#
#............#
#......#
###'##.......#
#......#
#..+.......#
#......#
##@##.......# #
#......#
#..###+############
#......# #.##
#.#..........'
#......# #.#
#...###.######
#.§≈≈≈.###
#.######.# #.# #
#§≈≈≈≈.'.#
#........# ### #
#.≈##§.#.#
#..####### #
#.≈##≈§#.#####.# #
#.≈##§)#.......# #


There were no monsters in sight!

Vanquished Creatures
  the Royal Jelly (Slime:5)
  Dissolution (Slime:2)
  Bai Suzhen (Vaults:4)
  A curse toe (Zot:1)
  2 golden dragons
  3 hellephants (Depths:4)
  Jorgrun (Snake:3)
  2 tentacled monstrosities
  6 liches
  2 titans (Depths:2)
  2 quicksilver dragons
  29 acid blobs
  3 sphinxes
  2 death cobs (Zot:1)
  3 shadow dragons
  2 storm dragons
  4 nagarajas
  3 tengu reavers
  20 rockslimes
  A daeva (Depths:2)
  3 draconian monks (Zot:1)
  15 azure jellies
  4 fire giants
  A draconian knight (Zot:1)
  5 vault wardens
  2 frost giants
  A deep elf elementalist (Elf:2)
  A draconian scorcher (Depths:4)
  2 orc warlords
  Aizul (Snake:4)
  An angel (Depths:2)
  7 ironbound preservers
  9 very ugly things
  A draconian annihilator (Zot:1)
  2 deep elf demonologists
  7 stone giants
  A war gargoyle (Vaults:3)
  4 ironbound thunderhulks
  15 quicksilver oozes
  2 vampire knights
  7 green draconians
  3 black draconians
  10 dire elephants
  5 red draconians
  7 spark wasps
  6 eleionomae
  A yellow draconian (Zot:1)
  4 purple draconians
  8 bunyips
  3 white draconians
  Snorg (D:11)
  A blizzard demon (Depths:1)
  5 ettins
  Josephine (D:11)
  Harold (D:10)
  10 fire dragons
  Fannar (Lair:1)
  A shambling mangrove (Swamp:4)
  13 yaktaur captains
  A rakshasa (D:15)
  14 great orbs of eyes
  20 hydras
  A peacekeeper (Vaults:3)
  An entropy weaver (Vaults:1)
  5 ice dragons
  10 centaur warriors
  2 salamander tyrants (Snake:4)
  2 spriggan air magi
  Erica (D:11)
  3 ogre magi
  9 ironbound frosthearts
  A catoblepas (D:14)
  A ghost crab (Swamp:1)
  A merfolk avatar (Lair:5)
  10 anacondas
  14 two-headed ogres
  4 alligators
  3 boulder beetles
  19 naga warriors
  6 dancing weapons
  2 tengu warriors
  A death yak (IceCv)
  An alligator (shapeshifter) (D:15)
  7 deep troll shamans
  7 shock serpents
  5 deep elf knights
  3 vampire magi
  5 hell hogs (Depths:4)
  2 spriggan berserkers
  5 deep troll earth magi
  10 naga sharpshooters
  4 hell knights (Depths:2)
  A fire crab (Swamp:4)
  4 skeletal warriors (D:15)
  6 iron trolls
  A flayed ghost (Depths:4)
  3 goliath frogs
  4 salamander mystics
  6 sea snakes
  47 deep trolls
  7 swamp dragons
  5 glowing orange brains
  3 spriggan druids
  A storm dragon skeleton (Vaults:3)
  Pikel (D:6)
  3 lindwurms (Vaults:2)
  26 deep elf pyromancers
  4 bog bodies
  4 deep elf archers
  4 necromancers
  9 ironbound convokers
  7 naga ritualists
  14 deep elf zephyrmancers
  A phantasmal warrior (Vaults:4)
  9 wizards
  14 shining eyes
  45 ugly things
  8 orc knights
  13 mana vipers
  8 orc sorcerers
  2 will-o-the-wisps
  4 manticores
  7 cyclopes
  An ice statue (Elf:1)
  A human skeleton (Vaults:3)
  9 elephants (Lair:4)
  3 moths of wrath (Zot:1)
  8 guardian serpents
  19 salamanders
  38 black mambas
  A guardian serpent (shapeshifter) (Elf:2)
  15 naga magi
  13 vault sentinels
  A storm dragon simulacrum (Vaults:3)
  2 torpor snails (Lair:5)
  3 eyes of devastation (Slime:4)
  13 cane toads
  2 yaktaur zombies
  7 rime drakes
  An unseen horror (D:11)
  An efreet (D:14)
  Maggie (D:8)
  25 yaktaurs
  6 tengu conjurers
  13 komodo dragons
  24 polar bears
  A bloated husk (Swamp:2)
  7 trolls
  A wind drake (Lair:5)
  3 meliai (D:11)
  Prince Ribbit (D:7)
  9 tyrant leeches
  2 ettin zombies (Vaults:2)
  8 hornets
  2 snapping turtles (Lair:5)
  A dream sheep (shapeshifter) (D:15)
  15 blink frogs
  2 dream sheep (Lair:5)
  6 spriggans
  84 slime creatures
  A culicivora (Vaults:1)
  2 shadows
  8 water elementals
  A vampire (D:14)
  8 wraiths
  68 yaks
  5 wyverns
  17 golden eyes
  A nameless horror (Bailey)
  2 fire bats (Swamp:4)
  A basilisk (D:14)
  A human simulacrum (Vaults:3)
  4 fire elementals
  7 steam dragons
  12 vampire mosquitoes
  6 swamp worms
  7 wargs
  2 acid dragons (D:9)
  36 nagas
  A floating eye (Slime:4)
  38 water moccasins
  23 orc warriors
  11 swamp drakes
  Duvessa (D:6)
  A sky beast (D:7)
  An ice beast (D:6)
  A black bear (Lair:1)
  11 ogres
  36 wolves
  8 centaurs
  3 lemures (D:6)
  A phantom (D:6)
  Blork the orc (D:4)
  4 kobold brigands
  9 bullfrogs
  3 gnoll sergeants
  2 earth elementals (Elf:1)
  Dowan (D:6)
  5 killer bees
  6 howler monkeys
  22 electric eels
  A lava snake (Swamp:4)
  3 hounds
  13 orc priests
  A jelly (D:7)
  3 gnoll boudas
  5 iguanas
  Ijyb (D:5)
  Natasha (D:3)
  Terence (D:3)
  42 orc wizards
  23 gnolls
  24 adders
  4 river rats (Sewer)
  A shadow imp (D:7)
  A white imp (D:7)
  An ufetubus (D:3)
  4 worms
  94 orcs
  10 ball pythons
  15 bats
  5 endoplasms
  2 giant cockroaches
  4 hobgoblins
  11 jackals
  14 kobolds
  8 quokkas
  7 frilled lizards
  10 goblins
  7 rats
1755 creatures vanquished.

Vanquished Creatures (collateral kills)
  An orc knight (Bailey)
  3 orc warriors (Bailey)
  An orc (Bailey)
5 creatures vanquished.

Vanquished Creatures (others)
  Asterion (Snake:4)
  A vampire knight (Depths:3)
  A hydra (Swamp:4)
  An iron troll (Depths:2)
  A lindwurm (Swamp:4)
  A bloated husk (Swamp:3)
  2 steam dragons (Swamp:4)
  2 swamp drakes (Swamp:4)
  A human (D:10)
  4 foxfires (Swamp:2)
15 creatures vanquished.

Grand Total: 1775 creatures vanquished

Notes
Turn   | Place    | Note
-------+----------+-------------------------------------------
     0 | D:1      | safid the Merfolk Ice Elementalist began the quest for the
                  | Orb.
     0 | D:1      | Reached XP level 1. HP: 13/13 MP: 3/3
   180 | D:1      | Reached XP level 2. HP: 18/20 MP: 5/5
   218 | D:1      | Reached skill level 1 in Fighting
   779 | D:2      | Reached XP level 3. HP: 22/26 MP: 3/6
  1015 | D:2      | Reached skill level 5 in Ice Magic
  1015 | D:2      | Reached XP level 4. HP: 33/33 MP: 3/8
  1074 | D:2      | Learned a level 3 spell: Frozen Ramparts
  1078 | D:2      | Learned a level 3 spell: Ozocubu's Armour
  1756 | D:3      | Found a stormy altar of Qazlal.
  1805 | D:3      | Noticed a small abomination
  1810 | D:3      | Found a transporter.
  1810 | D:3      | Noticed an ancient zyme
  1811 | D:3      | Found a transporter.
  1813 | D:3      | Noticed a small abomination
  1817 | D:3      | Found a one-way gate to the infinite horrors of the Abyss.
  1817 | D:3      | Noticed riellis1's ghost (weakling FoFi)
  1818 | D:3      | Noticed a kobold brigand
  1846 | D:3      | Noticed a small abomination
  1987 | D:3      | Noticed Terence
  1995 | D:3      | Killed Terence
  1996 | D:3      | Reached XP level 5. HP: 38/40 MP: 5/9
  2137 | D:3      | Found a blossoming altar of Fedhas.
  2143 | D:3      | Identified the +0 robe of Depression {+Blink}
  2192 | D:3      | Found a basalt altar of Yredelemnul.
  2744 | D:3      | Noticed Natasha
  2754 | D:3      | Killed Natasha
  2885 | D:4      | Found Harimesh's General Store.
  2975 | D:4      | Found a glowing drain.
  2995 | Sewer    | Entered a sewer
  3098 | Sewer    | Reached XP level 6. HP: 47/47 MP: 11/11
  3573 | Sewer    | Reached skill level 6 in Ice Magic
  3711 | D:4      | Found Tielob's Book Shop.
  3761 | D:4      | Found Deginypy's Weapon Shoppe.
  3854 | D:4      | Found Ivep Fuph's General Store.
  4048 | D:4      | Found Luok's Jewellery Shop.
  4262 | D:4      | Noticed Blork the orc
  4274 | D:4      | Killed Blork the orc
  4421 | D:5      | Entered Level 5 of the Dungeon
  4483 | D:5      | Reached XP level 7. HP: 54/54 MP: 7/13
  4575 | D:5      | Identified the +1 robe of Esunlame {Rampage Archmagi}
  5034 | D:5      | Noticed Ijyb
  5087 | D:5      | Killed Ijyb
  5183 | D:5      | Reached skill level 5 in Fighting
  5223 | D:5      | Learned a level 7 spell: Ozocubu's Refrigeration
  5342 | D:5      | Found Vudikub's Assorted Antiques.
  5543 | D:6      | Noticed Duvessa
  5543 | D:6      | Noticed Dowan
  5606 | D:6      | Reached skill level 7 in Ice Magic
  5717 | D:6      | Reached XP level 8. HP: 62/62 MP: 15/15
  5730 | D:6      | Reached skill level 5 in Spellcasting
  5822 | D:6      | Found a shimmering blue altar of Sif Muna.
  5830 | D:6      | Found an iron altar of Okawaru.
  6308 | D:6      | Reached skill level 5 in Dodging
  6592 | D:6      | Killed Dowan
  6601 | D:6      | Killed Duvessa
  6602 | D:6      | Reached skill level 8 in Ice Magic
  6602 | D:6      | Reached XP level 9. HP: 28/71 MP: 5/17
  6673 | D:6      | Noticed Pikel
  6780 | D:6      | Killed Pikel
  6832 | D:6      | Found a staircase to the Ecumenical Temple.
  6841 | Temple   | Entered the Ecumenical Temple
  6846 | Temple   | Became a worshipper of Vehumet
  7073 | D:7      | Found Xefuo's Magic Scroll Shop.
  7077 | D:7      | Bought a scroll of identify for 30 gold pieces
  7077 | D:7      | Bought a scroll of blinking for 112 gold pieces
  7077 | D:7      | Bought a scroll of identify for 30 gold pieces
  7077 | D:7      | Bought a scroll of identify for 30 gold pieces
  7111 | D:7      | Found a flagged portal.
  7136 | Bailey   | Entered a bailey
  7291 | Bailey   | Noticed an orc knight
  7343 | Bailey   | Learned a level 4 spell: Summon Ice Beast
  7409 | Bailey   | Reached skill level 9 in Ice Magic
  7652 | Bailey   | Noticed a nameless horror
  7660 | Bailey   | Killed a nameless horror
  7739 | Bailey   | Killed an orc knight
  7740 | Bailey   | Reached XP level 10. HP: 57/80 MP: 1/20
  7913 | Bailey   | Found a large runed translucent door.
  7913 | Bailey   | Found a large runed translucent door.
  7914 | Bailey   | Noticed a deep elf pyromancer
  8016 | Bailey   | Killed a deep elf pyromancer
  8108 | Bailey   | Identified the +0 pair of boots of Ycsi {Harm Int+3 Dex-4}
  8117 | Bailey   | Got the Commentary on Meteoric Dislocation
  8343 | D:7      | Reached * piety under Vehumet
  8343 | D:7      | Offered knowledge of Sandblast by Vehumet.
  8397 | D:7      | Got Unacs's Anthology of Open Graves and Movement
  8866 | D:7      | Noticed Prince Ribbit
  8883 | D:7      | Killed Prince Ribbit
  9353 | D:8      | Reached skill level 10 in Ice Magic
  9419 | D:8      | Learned a level 5 spell: Irradiate
  9628 | D:8      | Noticed Maggie
  9635 | D:8      | Killed Maggie
  9636 | D:8      | Reached skill level 1 in Transmutations
  9752 | D:8      | Found Qenuxoh's Antique Weapon Shoppe.
  9981 | D:9      | Found Uschoqes's Superior Scales.
  9992 | D:9      | Reached skill level 1 in Conjurations
 10204 | D:9      | Noticed a cyclops
 10209 | D:9      | Identified the amulet of Qogisi {RegenMP Fragile rPois rN+
                  | MP+9}
 10210 | D:9      | Reached ** piety under Vehumet
 10214 | D:9      | Offered knowledge of Poisonous Vapours by Vehumet.
 10217 | D:9      | Killed a cyclops
 10266 | D:9      | Reached XP level 11. HP: 81/89 MP: 12/23
 10444 | D:9      | Noticed a cyclops
 10464 | D:9      | Killed a cyclops
 10722 | D:9      | Noticed a green ugly thing
 10729 | D:9      | Killed a green ugly thing
 10784 | D:9      | Noticed a deep elf knight
 10826 | D:9      | Reached skill level 5 in Transmutations
 10827 | D:9      | Killed a deep elf knight
 10828 | D:9      | Reached skill level 10 in Fighting
 10828 | D:9      | Reached skill level 11 in Ice Magic
 11066 | D:9      | Offered knowledge of Momentum Strike by Vehumet.
 11167 | D:9      | Identified the +1 mace of Deezaxt {spect, rC- Int+8}
 11189 | D:9      | Found Effuut's Distillery.
 11554 | D:10     | Entered Level 10 of the Dungeon
 11562 | D:10     | Found an opulent altar of Gozag.
 11591 | D:10     | Noticed Harold
 11602 | D:10     | Killed Harold
 11602 | D:10     | Reached *** piety under Vehumet
 11919 | D:10     | Learned a level 2 spell: Blink
 12046 | D:10     | Found a staircase to the Lair.
 12384 | D:10     | Noticed a two-headed ogre
 12407 | D:10     | Killed a two-headed ogre
 12408 | D:10     | Reached skill level 1 in Translocations
 12463 | D:10     | Found Qeront's Book Shop.
 12495 | D:10     | Found an ancient bone altar of Kikubaaqudgha.
 12564 | D:10     | Offered knowledge of Fulminant Prism by Vehumet.
 12682 | D:10     | Reached XP level 12. HP: 97/99 MP: 24/24
 12710 | D:10     | Reached **** piety under Vehumet
 12785 | D:10     | Offered knowledge of Sticky Flame by Vehumet.
 12786 | D:10     | Reached skill level 12 in Ice Magic
 12936 | Lair:1   | Entered Level 1 of the Lair of Beasts
 13610 | Lair:1   | Noticed Fannar
 13643 | Lair:1   | Killed Fannar
 14507 | Lair:2   | Reached skill level 10 in Transmutations
 14507 | Lair:2   | Reached skill level 13 in Ice Magic
 14925 | Lair:2   | Reached ***** piety under Vehumet
 14926 | Lair:2   | Reached XP level 13. HP: 86/108 MP: 25/25
 15042 | Lair:2   | Identified a scroll of acquirement
 15043 | Lair:2   | Acquired 1027 gold pieces
 15415 | Lair:3   | Offered knowledge of Flame Wave by Vehumet.
 15424 | Lair:3   | Found a staircase to the Snake Pit.
 15490 | Lair:3   | Identified the ring of Starshine {Fly rElec Dex+3}
 15560 | Lair:3   | Reached skill level 14 in Ice Magic
 15989 | Lair:3   | Found a staircase to the Swamp.
 16038 | Lair:3   | HP: 5/108 [seven-headed hydra (8)]
 16529 | Lair:3   | Reached skill level 15 in Ice Magic
 16935 | Lair:4   | Identified the +10 trident "Esmat Muc" {freeze, rF+ Dex+3
                  | Stlth+}
 17174 | Lair:4   | Reached skill level 1 in Polearms
 17356 | Lair:4   | Found a staircase to the Slime Pits.
 17356 | Lair:4   | Found a viscous altar of Jiyva.
 17669 | Lair:4   | Reached skill level 16 in Ice Magic
 17881 | Lair:4   | Reached skill level 5 in Polearms
 18932 | Lair:5   | Entered Level 5 of the Lair of Beasts
 19148 | Lair:5   | Reached XP level 14. HP: 115/115 MP: 26/26
 19154 | Lair:5   | Noticed a dire elephant
 19156 | Lair:5   | Offered knowledge of Airstrike by Vehumet.
 19341 | Lair:5   | Killed a dire elephant
 19358 | Lair:4   | Reached skill level 17 in Ice Magic
 19848 | Lair:5   | Found the +2 pair of slick slippers {slick, slippery, EV+4}
 19896 | Lair:5   | Identified the +10 rapier of the Twenty Violins {venom,
                  | Dex+4}
 20098 | Lair:5   | Noticed nonceun's ghost (journeyman MiBe)
 20105 | Lair:5   | Found a runed translucent gate.
 20105 | Lair:5   | Found a runed translucent gate.
 20105 | Lair:5   | Found a runed translucent gate.
 20682 | Lair:5   | Reached skill level 10 in Polearms
 20982 | Lair:5   | Got the Directory of Scorched Calling
 21930 | D:10     | Bought a book of Ice for 800 gold pieces
 22464 | D:11     | Noticed Josephine
 22486 | D:11     | Killed Josephine
 22631 | D:11     | Reached skill level 18 in Ice Magic
 22739 | D:11     | Noticed Erica
 22742 | D:11     | Killed Erica
 22751 | D:11     | Offered knowledge of Iskenderun's Battlesphere by Vehumet.
 22758 | D:11     | Noticed Snorg
 22780 | D:11     | Killed Snorg
 23144 | D:11     | Found a staircase to the Orcish Mines.
 23158 | D:11     | Reached XP level 15. HP: 72/120 MP: 26/27
 23772 | D:11     | Learned a level 9 spell: Polar Vortex
 23879 | D:12     | Found a frozen archway.
 23897 | IceCv    | Entered an ice cave
 24390 | IceCv    | Noticed a frost giant
 24414 | IceCv    | Killed a frost giant
 24628 | IceCv    | Identified the staff of air "Kisi" {+Blink rElec rPois
                  | Str+2}
 24995 | D:12     | Reached skill level 19 in Ice Magic
 25394 | Orc:1    | Entered Level 1 of the Orcish Mines
 25399 | Orc:1    | Offered knowledge of Freezing Cloud by Vehumet.
 25765 | Orc:2    | Entered Level 2 of the Orcish Mines
 25943 | Orc:2    | Found a staircase to the Elven Halls.
 26256 | Orc:2    | Found Myliulacur's General Store.
 26256 | Orc:2    | Found Netwiari's Magic Scroll Shoppe.
 26272 | Orc:2    | Bought a potion of heal wounds for 70 gold pieces
 26281 | Orc:2    | Bought a scroll of identify for 28 gold pieces
 26281 | Orc:2    | Bought a scroll of identify for 28 gold pieces
 26364 | Orc:2    | Reached skill level 20 in Ice Magic
 26371 | Orc:2    | Found Qotaf's Assorted Antiques.
 26371 | Orc:2    | Found Gaitueps's General Store.
 26393 | Orc:2    | Bought a scroll of blinking for 195 gold pieces
 26728 | Orc:1    | Paralysed by an orc sorcerer for 4 turns
 27011 | Orc:1    | Found Yqicw's Antique Weapon Shoppe.
 27325 | D:5      | Bought an embroidered hat for 161 gold pieces
 27325 | D:5      | Bought a bound golden ring for 115 gold pieces
 27325 | D:5      | Identified the ring "Fycodot" {Fly rN+ Int+2} (You bought
                  | it in a shop on level 5 of the Dungeon)
 27330 | D:5      | Bought a potion of curing for 69 gold pieces
 27350 | D:4      | Bought a +1 tower shield of resistance for 438 gold pieces
 27350 | D:4      | Bought a potion of haste for 120 gold pieces
 27619 | D:9      | Bought a potion of haste for 170 gold pieces
 27815 | Orc:2    | Bought a potion of haste for 260 gold pieces
 27949 | Swamp:1  | Entered Level 1 of the Swamp
 28345 | Swamp:1  | Offered knowledge of Fireball by Vehumet.
 28350 | Swamp:1  | Reached skill level 1 in Shields
 28824 | Swamp:1  | Noticed Frances
 28962 | Swamp:1  | Reached XP level 16. HP: 53/127 MP: 28/28
 30347 | Swamp:3  | Reached skill level 1 in Evocations
 30738 | Swamp:3  | Noticed Roxanne
 30927 | Swamp:3  | Reached skill level 10 in Dodging
 31203 | Swamp:4  | Entered Level 4 of the Swamp
 31493 | Swamp:4  | Reached ****** piety under Vehumet
 31600 | Swamp:4  | Offered knowledge of Iron Shot by Vehumet.
 31699 | Swamp:4  | Reached skill level 5 in Shields
 32268 | Swamp:4  | Got a decaying rune of Zot
 32395 | Snake:1  | Entered Level 1 of the Snake Pit
 32515 | Snake:1  | Reached XP level 17. HP: 108/137 MP: 19/29
 32930 | Snake:1  | Reached skill level 21 in Ice Magic
 33269 | Snake:1  | Offered knowledge of Eringya's Noxious Bog by Vehumet.
 33292 | Snake:1  | Reached skill level 5 in Evocations
 33609 | Snake:1  | Found a stormy altar of Qazlal.
 35217 | Snake:3  | Offered knowledge of Lehudib's Crystal Spear by Vehumet.
 35217 | Snake:3  | Offered knowledge of Ignition by Vehumet.
 35217 | Snake:3  | Offered knowledge of Maxwell's Capacitive Coupling by
                  | Vehumet.
 35423 | Snake:3  | Noticed Jorgrun
 35433 | Snake:3  | Killed Jorgrun
 36030 | Snake:3  | Reached XP level 18. HP: 147/147 MP: 26/31
 36451 | Snake:4  | Entered Level 4 of the Snake Pit
 36858 | Snake:4  | Noticed Mlioglotl
 36885 | Snake:4  | Noticed Aizul
 36894 | Snake:4  | Killed Aizul
 37364 | Snake:4  | Noticed Asterion
 37378 | Snake:4  | Killed Asterion
 37430 | Snake:4  | Noticed a quicksilver dragon
 37689 | Snake:4  | Killed a quicksilver dragon
 38248 | Snake:4  | Reached skill level 10 in Spellcasting
 38561 | Snake:4  | Got a serpentine rune of Zot
 38608 | Snake:4  | Noticed a quicksilver dragon
 38819 | D:13     | You are sucked into a shaft and drop 2 floors!
 38819 | D:15     | Entered Level 15 of the Dungeon
 38838 | D:14     | Found Veanwoyb's Island Escapes.
 38844 | D:14     | Bought a scroll of blinking for 105 gold pieces
 38844 | D:14     | Bought a scroll of blinking for 105 gold pieces
 38844 | D:14     | Bought a scroll of blinking for 105 gold pieces
 38869 | D:14     | Found a gate to the Vaults.
 38869 | D:14     | Paralysed by an ogre mage for 4 turns
 38878 | D:14     | Reached skill level 15 in Fighting
 39058 | D:14     | Found a flickering gateway to a bazaar.
 39065 | Bazaar   | Entered a bazaar
 39124 | Bazaar   | Found Anohius's Distillery.
 39140 | Bazaar   | Found Jychu's Book Emporium.
 39156 | Bazaar   | Found Xipy Ekitot's General Store.
 39184 | Bazaar   | Bought 2 potions of curing for 54 gold pieces
 39211 | Bazaar   | Bought a potion of haste for 180 gold pieces
 39211 | Bazaar   | Bought a potion of curing for 54 gold pieces
 39211 | Bazaar   | Bought a potion of haste for 180 gold pieces
 39211 | Bazaar   | Bought a potion of resistance for 180 gold pieces
 39300 | D:14     | Identified the ring "Raewull" {rF+ Str+2 Int+2 SInv}
 39399 | D:14     | Found a broken altar of Ashenzari.
 40569 | D:15     | Reached skill level 22 in Ice Magic
 41239 | D:15     | Reached XP level 19. HP: 155/155 MP: 33/33
 41567 | D:15     | Found a staircase to the Depths.
 42323 | Elf:1    | Entered Level 1 of the Elven Halls
 42344 | Elf:1    | Found a radiant altar of Vehumet.
 42729 | Elf:1    | Got the Quarto of Allies
 43040 | Elf:1    | Reached skill level 10 in Shields
 43837 | Elf:1    | Found a gateway to a bazaar.
 43912 | Bazaar   | Entered a bazaar
 43912 | Bazaar   | Found Ticwio Ycot's Antique Armour Shop.
 43927 | Bazaar   | Found Leurif's Jewellery Emporium.
 43935 | Bazaar   | Found Patosch's Jewellery Emporium.
 43945 | Bazaar   | Found Ira Iraa's General Store.
 43952 | Bazaar   | Found Cuosmof's Armour Boutique.
 43984 | Bazaar   | Bought the ring of Qeuxih {Wiz rPois Will+ Str+3} for 796
                  | gold pieces
 43999 | Bazaar   | Bought a scroll of fear for 36 gold pieces
 45307 | Vaults:1 | Entered Level 1 of the Vaults
 47190 | Vaults:2 | Reached XP level 20. HP: 100/164 MP: 35/35
 47795 | Vaults:2 | Reached skill level 23 in Ice Magic
 47826 | Vaults:2 | Gained mutation: You possess an exceptional clarity of
                  | mind. [mutagenic glow]
 49057 | Vaults:3 | Identified the staff of poison "Ivapt" {*Slow rPois Str+5}
 49866 | Vaults:3 | Found a staircase to the Crypt.
 49866 | Vaults:3 | Found a basalt altar of Yredelemnul.
 49867 | Vaults:3 | Found an ancient bone altar of Kikubaaqudgha.
 50226 | Vaults:4 | Acquired the ring "Ysuemeno" {rPois rF+ rC+ Int+3}
 50307 | Vaults:4 | Found Lapaogh's Jewellery Emporium.
 50892 | Vaults:4 | Noticed Bai Suzhen
 50914 | Vaults:4 | Killed Bai Suzhen
 50915 | Vaults:4 | Reached skill level 24 in Ice Magic
 52037 | Vaults:4 | Reached XP level 21. HP: 171/171 MP: 29/37
 52560 | Slime:1  | Entered Level 1 of the Pits of Slime
 52562 | Slime:1  | Gained mutation: You are clumsy. (Dex -2) [a shining eye]
 53452 | Slime:3  | Noticed Dissolution
 53456 | Slime:3  | Gained mutation: Your magical capacity is low. (-10% MP) [a
                  | shining eye]
 53473 | Slime:2  | Killed Dissolution
 53741 | Slime:3  | Reached skill level 25 in Ice Magic
 54058 | Slime:5  | Entered Level 5 of the Pits of Slime
 54124 | Slime:5  | Gained mutation: Armour fits poorly on your strangely
                  | shaped body. [a shining eye]
 54126 | Slime:5  | Gained mutation: You are dopey. (Int -2) [a shining eye]
 54608 | Slime:5  | Noticed the Royal Jelly
 54619 | Slime:5  | Reached skill level 26 in Ice Magic
 55042 | Slime:4  | Gained mutation: You occasionally lose the ability to read
                  | scrolls when taking damage. [a shining eye]
 55824 | Slime:5  | Killed the Royal Jelly
 56201 | Slime:5  | Gained mutation: Your magical capacity is very low. (-20%
                  | MP) [mutagenic glow]
 56218 | Slime:5  | Gained mutation: Your body sometimes deteriorates upon
                  | taking damage. [mutagenic glow]
 56567 | Slime:5  | Got the Tome of Stolen Souls and Transmigration
 56635 | Slime:5  | Got a slimy rune of Zot
 56875 | Slime:4  | Acquired the +2 helmet of Anirecki {Int+2}
 57101 | Slime:3  | Reached XP level 22. HP: 177/178 MP: 30/30
 57421 | D:15     | Reached skill level 27 in Ice Magic
 57442 | Depths:1 | Entered Level 1 of the Depths
 57896 | Depths:1 | Found Tefollea's Book Shop.
 57904 | Depths:1 | Bought a book of Vapours for 546 gold pieces
 57910 | Depths:1 | Learned a level 5 spell: Freezing Cloud
 58471 | D:15     | Lost mutation: Armour fits poorly on your strangely shaped
                  | body. [potion of mutation]
 58471 | D:15     | Lost mutation: You are clumsy. (Dex -2) [potion of
                  | mutation]
 58471 | D:15     | Lost mutation: Your body sometimes deteriorates upon taking
                  | damage. [potion of mutation]
 58471 | D:15     | Gained mutation: You are partially covered in iridescent
                  | scales. (AC +2) [potion of mutation]
 58471 | D:15     | Gained mutation: You have hidden genetic potential. [potion
                  | of mutation]
 58472 | D:15     | Lost mutation: You occasionally lose the ability to read
                  | scrolls when taking damage. [potion of mutation]
 58472 | D:15     | Lost mutation: You have hidden genetic potential. [potion
                  | of mutation]
 58472 | D:15     | Lost mutation: You are dopey. (Int -2) [potion of mutation]
 58472 | D:15     | Gained mutation: Your muscles are strong. (Str +4, Int/Dex
                  | -1) [potion of mutation]
 58493 | Depths:1 | Found an ornate altar of the Wu Jian Council.
 58617 | Depths:1 | Identified the +2 pair of gloves of the Furies {+Blink rF+
                  | Regen+ Int+2}
 58693 | Depths:1 | Found a shadowy altar of Dithmenos.
 59114 | Depths:1 | Found a gateway to Hell.
 59129 | Depths:1 | Reached skill level 15 in Dodging
 59459 | Depths:2 | Found a one-way gateway to a ziggurat.
 59672 | Depths:2 | Noticed a golden dragon
 59689 | Depths:2 | Killed a golden dragon
 59698 | Depths:2 | Gained mutation: You are dopey. (Int -2) [mutagenic glow]
 59881 | Depths:2 | Identified the ring of the Bespelled God {rCorr Str+2}
 60059 | Depths:2 | Identified the +7 hand axe "Kopsyhewk" {flame, *Corrode
                  | rN++ Int+5}
 60266 | Depths:2 | Found a sparkling altar of Nemelex Xobeh.
 60488 | Depths:2 | Found a one-way gate leading to the halls of Pandemonium.
 61012 | Depths:3 | Reached XP level 23. HP: 177/178 MP: 22/32
 61707 | Depths:3 | Found Gozag's Antique Armour Shop.
 61712 | Depths:3 | Found an opulent altar of Gozag.
 61712 | Depths:3 | Noticed a golden dragon
 61715 | Depths:3 | Found Gozag's Antique Armour Shop.
 61722 | Depths:3 | Found Gozag's Assorted Antiques.
 61763 | Depths:3 | Killed a golden dragon
 62004 | Depths:3 | You fall into a shaft and drop 1 floor!
 62004 | Depths:4 | Entered Level 4 of the Depths
 62263 | Depths:3 | Bought a fading cloak for 950 gold pieces
 62263 | Depths:3 | Identified the +0 cloak "Qitat" {Fly rC+} (You bought it in
                  | a shop on level 3 of the Depths)
 62807 | Depths:4 | Found a gate to the Realm of Zot.
 63186 | Zot:1    | Entered Level 1 of the Realm of Zot
 63224 | Zot:1    | Noticed a curse toe
 63249 | Zot:1    | Killed a curse toe
 63763 | Zot:1    | Reached skill level 15 in Shields
 64374 | Depths:4 | Acquired the +3 pair of gauntlets of War {Slay+5}
 64374 | Depths:4 | Found the +3 pair of gauntlets of War {Slay+5}
 64609 | Zot:1    | Killed from afar by a black draconian knight

Illustrated notes

Levels and vault maps discovered:
D:1:      lightli_molten_gateway, layout_loops_ring
D:2:      layout_loops_ring, minmay_ruptured
D:3:      layout_loops_corners, mainiacjoe_overflow_six_doors_small,
          fedhas_altar_1, mainiacjoe_overflow_paths,
          gammafunk_ghost_abyssal_escape, minmay_fractal_squares_gapless_5,
          uniq_natasha, uniq_terence
D:4:      layout_basic, serial_shops, nicolae_shop_bloodbath_and_beyond,
          kennysheep_mini, shop, shop, shop, cheibrodos_sewer_entry_drain,
          nicolae_concentric_dashed_squares_wild, uniq_blork_the_orc
D:5:      layout_loops_ring, serial_shops, shop, minmay_misc_feat_chi,
          chequers_serial_rivers_room_a, chequers_mini_garden, uniq_ijyb
D:6:      layout_basic, amethyst_overflow_temple_binary,
          minmay_temple_entry_overgrown, minmay_misc_feat_room, uniq_pikel,
          uniq_duvessa
D:7:      layout_gridville, serial_shops, shop, enter_bailey_5,
          uniq_prince_ribbit1
D:8:      layout_loops_ring, serial_shops, shop, uniq_maggie
D:9:      nzn_winding_woodlands_cross [nzn_winding_woodlands_5x15_pool,
          nzn_winding_woodlands_5x15_pockets,
          nzn_winding_woodlands_5x15_crooked, nzn_winding_woodlands_5x15_twine,
          nzn_winding_woodlands_15x15_killbox], layout_gridville, serial_shops,
          shop, hellmonk_scale_shop
D:10:     lemuel_reptile_caves, layout_gridville, tgw_kikubaaqudgha,
          grunt_gozag_statues, erik_lair_orcish_takeover, serial_shops,
          nicolae_shop_tiny_waterfront, uniq_harold
D:11:     layout_basic, david_orc_2, uniq_snorg, uniq_erica, uniq_josephine
D:12:     layout_basic, portal_ice_cave_entry_pillars_2
D:13:     layout_basic
D:14:     layout_basic, david_vaults_2, serial_glass, glass_columns_b,
          glass_columns_b, glass_columns_b, glass_columns_c, glass_columns_a,
          glass_columns_a, glass_columns_a, glass_columns_a, serial_shops,
          bzr_entry_water, cheibrodos_ashenzari_chains, nicolae_island_escapes
D:15:     gammafunk_enter_depths_forms, layout_long_grid, minivault_19
Temple:   minmay_freezing_vapour_temple
Lair:1:   layout_misc_corridors, minivault_27, uniq_fannar
Lair:2:   layout_gridlike, cheibrodos_lair_lostbears
Lair:3:   statuecave_lemuel, layout_chaotic_city, swamp_mist_pool,
          dummy_snake_entry, cheibrodos_lair_caveside_slide, lemuel_fruit_tree
Lair:4:   layout_layer_cave, slime_entry_1, grunt_megastairs_5
Lair:5:   gammafunk_lair_ancient_temple, layout_regular_city,
          gammafunk_ghost_split, minmay_lair_oklob_bushes, serial_bayou_lake_a,
          serial_bayou_shore_a
Swamp:1:  nicolae_swamp_decorative_isthmus, layout_basic_swamp,
          nicolae_swamp_feature_on_the_river_bank, hangedman_swamp_blocks,
          infiniplex_staircase_pool, uniq_frances
Swamp:2:  layout_basic_swamp, hangedman_swamp_ruin_hall, swamp_pool5
Swamp:3:  layout_falls_marsh, serial_swamp_ruin, evilmike_swamp_ruin_rubble_2,
          evilmike_swamp_ruin_house_4, uniq_roxanne
Swamp:4:  swamp_fiery, layout_basic_swamp
Snake:1:  nicolae_snake_hallway, layout_basic, basic_altar
Snake:2:  layout_rooms, serial_bayou_shore_b
Snake:3:  layout_honeycomb, uniq_jorgrun
Snake:4:  hellmonk_snake_rune_quicksilver_temple, layout_cave_town,
          uniq_mlioglotl, uniq_aizul, uniq_asterion
Slime:1:  layout_caves, cheibrodos_slime_lost_civilization_5
Slime:2:  layout_caves
Slime:3:  layout_caves, dissolution_awaits
Slime:4:  nicolae_slime_pool, layout_caves, nicolae_slime_getting_an_eyeful,
          uniq_dissolution
Slime:5
Orc:1:    layout_diamond_mine, serial_shops, nicolae_shop_window_shopping
Orc:2:    st_orc_town, layout_caves, elves_outpost_lemuel
Elf:1:    eino_elf_arrival_altar, layout_geoelf_grid, serial_shops, statue_bzr,
          minmay_elf_demonology, kilobyte_rumbling_trees
Elf:2:    elven_hall_of_blades_hangedman_original [nicolae_blade_bullseye],
          layout_geoelf_octagon
Vaults:1: v_rooms_3, nicolae_vaults_little_squares_3, ontoclasm_vaults_bender,
          nicolae_vaults_crenellated_ambush, v_misc_11,
          nicolae_vaults_offset_grid_hallway_3,
          vaults_room_grunt_arrival_ludios, nicolae_vaults_circle_grid_b,
          nicolae_vaults_diamond_1, nicolae_vaults_little_squares_4,
          nicolae_vaults_house_2, layout_vaults_omnicross
Vaults:2: v_misc_12, vaults_room_stairs_pillars, nicolae_vaults_library_corner,
          nicolae_vaults_surprise_closet, v_pattern_2, nicolae_vaults_little_ls,
          vaults_mumra_lcd, v_misc_1, hangedman_vaults_impose,
          nicolae_vaults_trapezoid_3, layout_vaults_ring, uniq_margery
Vaults:3: nicolae_vaults_little_squares_3, minmay_crypt_entry_necro_gods,
          nicolae_vaults_heart-shaped_vault, v_misc_3,
          nicolae_vaults_storage_closets_2, ontoclasm_vaults_fault,
          hangedman_vaults_locks, nicolae_vaults_spaceships,
          nicolae_vaults_shipping_containers_4, nicolae_vaults_apartment_1,
          nicolae_vaults_tetromino_L_1, nicolae_vaults_apartment_2,
          hangedman_vaults_maws, layout_vaults_maze
Vaults:4: ontoclasm_vaults_ring_square, nicolae_vaults_trapezoid_3,
          nicolae_vaults_shrinking_rooms_1, hangedman_vaults_stream, v_misc_18,
          nicolae_vaults_house_1, vaults_room_ringed_pool, st_cross,
          nicolae_vaults_two_Ls, layout_vaults_omnibox, serial_shops,
          nicolae_shop_waterfront, uniq_bai_suzhen
Depths:1: layout_roguey [special_room_jelly], hangedman_coc_ice_floe,
          serial_shops, nicolae_lakefront_shop,
          nicolae_dithmenos_through_a_glass_darkly, nzn_wu_jian_council_hall
Depths:2: minmay_the_grid_square_5x5_4x4_mashed
          [minmay_the_grid_square_5x5_one_wall, minmay_the_grid_square_5x5_plus,
          minmay_the_grid_square_5x5_comb, minmay_the_grid_square_5x5_percent,
          minmay_the_grid_square_5x5_pentomino_r,
          minmay_the_grid_square_5x5_prize_open,
          minmay_the_grid_square_5x5_prize_rear_guard,
          minmay_the_grid_square_5x5_sharp_hourglass,
          minmay_the_grid_square_5x5_two_walls_b,
          minmay_the_grid_square_5x5_prize_pseudospiral,
          minmay_the_grid_square_5x5_prize_waves,
          minmay_the_grid_square_5x5_minimal,
          minmay_the_grid_square_5x5_almost_minimal,
          minmay_the_grid_square_5x5_three_walls,
          minmay_the_grid_square_5x5_minivault, minmay_the_grid_square_5x5_tie],
          layout_gridville, enter_ziggurat_c, rand_demon_pan_entry_9,
          hell_entry, nemelex_lonely_heart_becter, infiniplex_staircase_pool_2
Depths:3: kennysheep_gozag_temple, layout_cave_pools, minmay_misc_feat_columns,
          hell_entry, serial_sigils, serial_sigils_hangedman_leer,
          serial_sigils_hangedman_shear, serial_sigils_hangedman_confine,
          serial_sigils_hangedman_quiver, serial_sigils_hangedman_gut,
          serial_sigils_hangedman_scratch, abyss_entry, grunt_ministairs_11
Depths:4: grunt_twist_and_shout, layout_cave_pools, abyss_entry,
          grunt_hell_horde, minmay_misc_feat_iff
Zot:1:    layout_gridlike
Zot:2:    layout_onion_interference

Skill      XL: |  1  2  3  4  5  6  7  8  9 10 11 12 13 14 15 16 17 18 19 20 21 22 23 |
---------------+----------------------------------------------------------------------+-----
Fighting       | 1 2 3 4 5 6 8 9 10 12 13 14 15 16 17 19 | 19.2
Ice Magic      | 5 6 7 8 9 10 11 13 16 18 20 21 22 24 26 27 | 27.0
Spellcasting   | 3 4 5 7 8 9 10 11 12 13 | 13.0
Dodging        | 3 5 7 8 11 12 18 21 | 21.3
Transmutations | 3 7 10 11 12 | 12.0
Conjurations   | 2 4 |  4.0
Translocations | 1 4 |  4.0
Polearms       | 6 12 14 | 14.0
Shields        | 2 5 7 9 11 13 14 15 | 15.1
Evocations     | 4 6 8 |  8.0
Stealth        | 3 |  3.0

Action                     |  1- 3 |  4- 6 |  7- 9 | 10-12 | 13-15 | 16-18 | 19-21 | 22-24 || total
---------------------------+-------+-------+-------+-------+-------+-------+-------+-------++-------
  Melee: Whip              |    22 |       |    40 |   124 |       |       |       |       ||   186
         Unarmed           |     1 |       |    16 |       |       |       |       |       ||    17
         Dagger            |    38 |   212 |   171 |       |       |       |       |       ||   421
         Punch             |     1 |     1 |     4 |     8 |    11 |     8 |     4 |       ||    37
         Tailslap          |       |     5 |     2 |     2 |       |       |       |     4 ||    13
         Trident           |       |       |       |   229 |   767 |   342 |   788 |   491 ||  2617
   Cast: Freeze            |    25 |    19 |    15 |     7 |       |       |       |       ||    66
         Frozen Ramparts   |       |    16 |    29 |    87 |    88 |    44 |    81 |    50 ||   395
         Ozocubu's Armour  |       |     6 |    22 |    63 |    78 |    26 |    65 |    36 ||   296
         Summon Ice Beast  |       |       |    17 |     2 |       |       |       |       ||    19
         Irradiate         |       |       |       |       |    14 |    16 |    45 |    36 ||   111
         Ozocubu's Refrige |       |       |       |       |    99 |   357 |   350 |   234 ||  1040
         Blink             |       |       |       |       |       |       |       |     1 ||     1
  Evoke: Wand              |       |       |       |       |     1 |       |     1 |       ||     2
    Use: Scroll            |       |       |    13 |    12 |    14 |     2 |     8 |     3 ||    52
         Potion            |       |       |       |     1 |     1 |     2 |    15 |     8 ||    27
   Stab: Sleeping          |     5 |    11 |       |     1 |     6 |     5 |     5 |       ||    33
         Distracted        |       |     1 |       |       |     4 |     1 |     2 |       ||     8
 Armour: Robe              |    10 |    98 |   132 |   198 |   292 |   118 |   252 |   198 ||  1298
         Skin              |       |       |     6 |       |       |       |       |       ||     6
  Dodge: Dodged            |    53 |   182 |   189 |   414 |   771 |   329 |   422 |   379 ||  2739
  Block: Tower shield      |       |       |       |       |       |       |   855 |   682 ||  1537
